Map: Ephemeron LE

Players

llllllllllll (Stats) - Winner!

  • Race: Protoss Protoss
  • League: Grandmaster
  • Spawn Location: 11:00

Clem

  • Race: Terran Terran
  • League: Master
  • Spawn Location: 5:00

Event: NationWars 2019

VOD

Have the link to the VOD?

Description

Time

  • Played on: Dec. 8, 2019, 9:06 a.m.
  • Length: 12:16
Show
View Real Time Build Order
Export as new Build Order

llllllllllll Protoss - Winner!

Build Orders: 1 Gate Expand, Phoenix Opening 

Get SALT Encoding   

  12  0:00  Probe  
  13  0:12  Probe  
  14  0:17  Pylon  
  14  0:24  Probe (Chrono Boost)  
  15  0:36  Gateway  
  15  0:37  Probe (Chrono Boost)  
  16  0:44  Probe (Chrono Boost)  
  16  0:45  Assimilator  
  17  0:51  Probe  
  18  1:03  Probe  
  19  1:15  Probe  
  20  1:23  Nexus  
  20  1:33  Cybernetics Core  
  20  1:36  Probe  
  21  1:41  Assimilator  
  21  1:48  Probe  
  21  1:52  Pylon  
  22  2:00  Probe  
  23  2:07  Adept (Chrono Boost)  
  23  2:12  Probe  
  23  2:14  Stargate  
  26  2:23  Warp Gate  
  26  2:24  Probe (Chrono Boost)  
  26  2:28  Adept (Chrono Boost)  
  27  2:34  Probe (Chrono Boost)  
  31  2:43  Probe (Chrono Boost)  
  31  2:45  Probe (Chrono Boost)  
  31  2:50  Probe x2 (Chrono Boost)  
  33  2:52  Adept  
  36  2:59  Phoenix (Chrono Boost)  
  36  3:02  Probe  
  36  3:03  Probe  
  40  3:09  Pylon  
  40  3:15  Probe x2  
  42  3:20  Phoenix (Chrono Boost)  
  45  3:27  Probe x2  
  45  3:30  Gateway  
  46  3:39  Probe x2, Phoenix  
  50  3:44  Gateway  
  50  3:48  Pylon  
  50  3:51  Probe x2  
  52  3:56  Robotics Facility  
  52  4:03  Assimilator, Probe x2  
  52  4:05  Phoenix (Chrono Boost)  
  52  4:09  Assimilator  
  56  4:15  Probe  
  56  4:16  Probe  
  58  4:21  Phoenix (Chrono Boost)  
  60  4:26  Pylon  
  60  4:30  Probe x2  
  62  4:40  Nexus  
  62  4:42  Pylon  
  62  4:45  Robotics Bay  
  62  4:51  Forge  
  63  4:56  Adept  
  63  4:59  Adept  
  65  5:01  Adept  
  67  5:09  Observer, Pylon  
  54  5:22  Adept  
  52  5:30  Immortal (Chrono Boost)  
  52  5:31  Probe x2  
  57  5:45  Probe x2  
  59  5:50  Protoss Ground Weapons Level 1  
  59  5:59  Probe x3, Pylon  
  59  6:01  Colossus (Chrono Boost)  
  68  6:11  Extended Thermal Lance  
  68  6:13  Probe  
  68  6:14  Probe x2  
  71  6:21  Sentry  
  71  6:23  Phoenix  
  75  6:25  Probe  
  75  6:26  Probe  
  75  6:27  Probe  
  78  6:38  Probe x2  
  78  6:39  Probe  
  81  6:43  Colossus (Chrono Boost)  
  87  6:47  Pylon, Phoenix  
  87  6:50  Probe x2  
  87  6:51  Probe  
  92  7:02  Probe x2  
  92  7:03  Probe, Observer  
  92  7:05  Assimilator x2, Phoenix  
  95  7:14  Probe x2  
  100  7:15  Probe  
  100  7:19  Shield Battery  
  100  7:20  Shield Battery  
  100  7:22  Pylon, Phoenix  
  100  7:23  Colossus (Chrono Boost)  
  106  7:36  Pylon  
  108  7:38  Pylon  
  108  7:40  Zealot x3  
  108  7:44  Twilight Council, Forge  
  114  7:52  Probe  
  115  8:00  Zealot x3  
  111  8:13  Warp Prism  
  111  8:14  Charge  
  111  8:17  Protoss Ground Armor Level 1 (Chrono Boost)  
  111  8:18  Protoss Ground Weapons Level 2 (Chrono Boost)  
  113  8:24  Gateway  
  113  8:26  Gateway  
  113  8:28  Gateway  
  113  8:31  Gateway  
  113  8:32  Sentry  
  113  8:33  Gateway, Zealot x2  
  119  8:36  Pylon  
  119  8:37  Robotics Facility  
  119  8:39  Gravitic Drive  
  119  8:45  Nexus  
  119  8:48  Pylon  
  119  8:56  Zealot x2  
  119  8:57  Zealot  
  119  8:59  Templar Archives  
  125  9:06  Warp Prism (Chrono Boost)  
  127  9:22  Probe x3  
  130  9:25  Pylon  
  130  9:30  Zealot x8  
  146  9:32  Pylon  
  146  9:36  Pylon  
  146  9:38  Pylon  
  146  9:40  Probe x2  
  146  9:41  Probe  
  149  9:47  Observer  
  149  9:54  High Templar x2  
  149  9:55  High Templar x6  
  149  9:57  Disruptor (Chrono Boost)  
  149  9:59  Archon x3, Disruptor (Chrono Boost)  
  165  10:00  Archon  
  165  10:04  Probe x4  
  165  10:07  Gateway  
  175  10:10  Gateway  
  175  10:12  Pylon  
Show
View Real Time Build Order
Export as new Build Order

Clem Terran 

Build Orders: Reaper Expand 

Get SALT Encoding   

  12  0:00  SCV  
  13  0:12  SCV  
  14  0:17  Supply Depot  
  14  0:24  SCV  
  15  0:38  SCV  
  15  0:40  Barracks  
  16  0:43  Refinery  
  16  0:50  SCV  
  17  1:02  SCV  
  18  1:15  SCV  
  19  1:27  Orbital Command, Reaper  
  20  1:41  Command Center  
  20  1:48  Supply Depot  
  20  1:53  SCV  
  21  1:59  Marine  
  22  2:06  SCV  
  23  2:09  Factory  
  23  2:16  Refinery  
  23  2:18  SCV  
  23  2:21  Barracks Reactor  
  24  2:30  SCV  
  25  2:41  Bunker  
  25  2:42  SCV  
  26  2:53  Starport  
  26  2:54  SCV, Factory Tech Lab  
  26  2:57  Orbital Command  
  27  2:59  Marine  
  27  3:01  Marine  
  29  3:06  SCV  
  29  3:12  Cyclone  
  33  3:18  SCV  
  33  3:19  Marine x2  
  36  3:22  SCV  
  37  3:30  Viking  
  37  3:33  SCV, Supply Depot  
  40  3:37  Marine  
  40  3:38  Marine  
  40  3:40  SCV  
  43  3:49  Siege Tank  
  43  3:53  Supply Depot  
  43  3:55  SCV x2  
  48  3:56  Marine x2  
  50  4:03  Viking  
  50  4:07  SCV x2  
  53  4:14  Marine x2  
  53  4:15  Supply Depot  
  55  4:22  SCV x2  
  57  4:26  Siege Tank  
  57  4:29  Supply Depot  
  60  4:33  Marine x2  
  60  4:37  SCV x2  
  64  4:39  Viking  
  66  4:50  Barracks  
  66  4:51  Marine, Barracks  
  67  4:53  Marine  
  67  4:57  SCV  
  67  4:58  Bunker  
  67  4:59  Bunker  
  69  5:03  Siege Tank  
  72  5:10  SCV x2  
  72  5:11  Supply Depot  
  73  5:17  Marine  
  66  5:22  SCV x2  
  56  5:32  Starport Tech Lab  
  56  5:33  Marine  
  56  5:34  SCV x2, Engineering Bay  
  56  5:35  Refinery, Marine  
  55  5:44  Barracks Tech Lab  
  55  5:46  SCV x2  
  55  5:47  Supply Depot  
  55  5:49  Refinery, Factory Reactor  
  54  5:50  Stimpack, Marine  
  54  5:52  Viking  
  54  5:53  Marine x2  
  59  5:58  SCV  
  59  6:00  Missile Turret  
  59  6:01  Missile Turret  
  59  6:02  SCV  
  61  6:06  Marine  
  61  6:08  Marine  
  61  6:09  Terran Infantry Weapons Level 1  
  61  6:11  Marine  
  63  6:12  SCV  
  63  6:14  Marine  
  63  6:16  SCV  
  67  6:19  Combat Shield  
  67  6:27  Marauder  
  67  6:28  Marauder  
  67  6:29  Marine  
  67  6:31  Factory Reactor, SCV x2  
  67  6:32  Marine  
  72  6:36  Command Center  
  72  6:42  Medivac  
  72  6:44  Supply Depot  
  72  6:47  Marine  
  74  6:48  Medivac  
  74  6:50  Marine  
  74  6:51  Marauder, Supply Depot  
  80  6:54  Marauder  
  80  6:56  SCV x2  
  84  7:02  Supply Depot  
  84  7:05  Marine  
  84  7:08  Marine  
  86  7:10  Widow Mine x2  
  92  7:16  Marauder x2  
  92  7:17  SCV  
  92  7:18  SCV  
  92  7:21  Supply Depot  
  93  7:28  Marine x2  
  95  7:30  Medivac, Barracks  
  95  7:31  Medivac, Barracks  
  95  7:35  Widow Mine  
  99  7:40  SCV  
  99  7:43  Supply Depot  
  100  7:46  Marine x2  
  100  7:47  Marauder  
  100  7:48  SCV  
  105  7:53  Marine  
  106  8:01  SCV  
  106  8:03  SCV  
  106  8:04  Marine  
  98  8:08  Marauder  
  98  8:11  Marauder  
  85  8:13  SCV  
  85  8:14  Marine  
  85  8:15  SCV  
  85  8:18  Starport  
  85  8:19  Viking  
  82  8:21  Marine  
  82  8:22  Barracks Reactor, Barracks Tech Lab  
  82  8:26  Orbital Command  
  83  8:30  Marauder, Viking  
  83  8:31  SCV  
  83  8:33  SCV  
  89  8:37  Marine  
  89  8:39  Missile Turret  
  94  8:41  Marauder x2, Concussive Shells  
  94  8:43  SCV  
  94  8:45  Terran Infantry Armor Level 1  
  94  8:47  SCV  
  96  8:49  Marine  
  96  8:55  Marine, SCV, Marauder  
  101  8:58  Viking  
  101  8:59  SCV  
  101  9:00  Viking  
  101  9:01  Viking  
  101  9:02  Marauder  
  110  9:04  Marine x2  
  110  9:08  Marine, Ghost Academy  
  113  9:13  Marine  
  113  9:15  Viking  
  114  9:21  Marauder x2  
  114  9:22  Marine x2  
  120  9:26  Marine  
  120  9:28  Supply Depot, Viking  
  120  9:30  Viking  
  125  9:34  Viking  
  127  9:39  Marine, Supply Depot  
  127  9:40  Marine x2  
  127  9:43  Marine, SCV x3  
  136  9:50  Supply Depot  
  138  9:57  Marine x2, Supply Depot  
  138  9:58  Marine, Marauder, Viking  
  138  9:59  SCV x2  
  148  10:00  SCV  
  148  10:01  Marine  
  149  10:07  Viking, Unknown  
  151  10:15  Marine x3  
  151  10:17  Unknown  
  151  10:19  Marine  
Tags
 
Add a new tag
Caveats
  • Supply blocks, unpowered buildings, or Contaminate may cause inaccurate times.
  • Supply counts are checked every 10 seconds.